 Dungeon Crawl Stone Soup version 0.31-a0-321-g19405a7a6a (webtiles) character file.

Game seed: 12516325949201870446

73 porpoise the Shooter (level 4, -4/28 HPs)
             Began as a Tengu Hunter on July 18, 2023.
             Was an Initiate of Hepliaklqana.
             Slain by Crazy Yiuf
             ... wielding a +3 quarterstaff of chaos
              (10 damage)
             ... on level 3 of the Dungeon.
             The game lasted 00:04:14 (1848 turns).

porpoise the Shooter (Tengu Hunter)                 Turns: 1848, Time: 00:04:14

Health: -4/28      AC:  4    Str: 11    XL:     4   Next: 27%
Magic:  5/5        EV: 12    Int:  9    God:    Hepliaklqana [......]
Gold:   120        SH:  0    Dex: 20    Spells: 3/3 levels left

rFire   + . .        a - +0 shortbow
rCold   . . .        (shield currently unavailable)
rNeg    . . .        c - +1 leather armour
rPois   .            (helmet restricted)
rElec   .            (no cloak)
rCorr   .            (no gloves)
SInv    .            (boots unavailable)
Will    .....        (no amulet)
Stlth   ++           i - ring of protection from fire
HPRegen 0.24/turn    (no ring)
MPRegen 0.09/turn

%: no passive effects
@: no status effects
A: beak, talons 3
a: Renounce Religion


You were on level 3 of the Dungeon.
You worshipped Hepliaklqana.
Hepliaklqana was noncommittal.
You visited 1 branch of the dungeon, and saw 3 of its levels.

You collected 120 gold pieces.

Inventory:

Hand Weapons
 a - a +0 shortbow (weapon)
Missiles
 h - 8 javelins
Armour
 c - a +1 leather armour (worn)
Jewellery
 i - a ring of protection from fire (left hand)
Scrolls
 b - a scroll of butterflies
 e - a scroll of vulnerability {unknown}
 g - a scroll of poison
Potions
 d - 2 potions of attraction
 f - a potion of degeneration {unknown}
 j - 2 potions of resistance
 k - a potion of curing {unknown}
 m - 2 potions of heal wounds


   Skills:
 + Level 3.0 Fighting
 * Level 5.6 Ranged Weapons
 - Level 2.1 Dodging
 - Level 1.0 Stealth


You had 3 spell levels left.
You didn't know any spells.
Your spell library was empty.

Dungeon Overview and Level Annotations

Branches:
Dungeon (3/15)

Altars:
Hepliaklqana

Annotations:
D:3 Crazy Yiuf


Innate Abilities, Weirdness & Mutations

You have a beak for a mouth.
You have claws for feet.


Message History

You kill the dart slug!
No target in view!
Okay, then.
l - a scroll of identify
As you read the scroll of identify, it crumbles to dust.
m - 2 potions of heal wounds
There is a stone staircase leading up here.
You hear the slow rusting of a very distant drain.
Found a stone staircase leading down.
You see here a +0 leather armour.
Found a hammer.
Found a runed translucent door.
Crazy Yiuf shouts!
Crazy Yiuf says, "Iron!"
You open the door. You shoot an arrow. The arrow closely misses Crazy Yiuf.
Crazy Yiuf laughs, "Snoogle alas infinity!"
Crazy Yiuf hits you with a +3 quarterstaff of chaos.
Crazy Yiuf freezes you.
You shoot an arrow. The arrow hits Crazy Yiuf.
Crazy Yiuf is moderately wounded.
Crazy Yiuf hits you with a +3 quarterstaff of chaos!
Space warps around you.
You are too injured to fight recklessly!
You are too injured to fight recklessly!
You shoot an arrow. The arrow hits Crazy Yiuf.
Crazy Yiuf is moderately wounded.
Crazy Yiuf misses you.
You shoot an arrow. The arrow hits Crazy Yiuf.
Crazy Yiuf is heavily wounded.
Crazy Yiuf barely misses you.
You shoot an arrow. The arrow closely misses Crazy Yiuf.
Crazy Yiuf hits you with a +3 quarterstaff of chaos!
* * * LOW HITPOINT WARNING * * *
Crazy Yiuf barely misses you.
You shoot an arrow.
The arrow hits Crazy Yiuf but does no damage.
Crazy Yiuf is heavily wounded.
Crazy Yiuf laughs, "Ice disdain toodlewoodle!"
Crazy Yiuf hits you with a +3 quarterstaff of chaos!
You die...

.###...#######
#....###
..#######
.####...#
#####
..<...#.#
#)..#
####..#.#
#...#
#.....#.# ...
..###.#.####
#g# ###
#......# #@##
###..### ##.#
##.#.# #.##
##...# ##.#
#######...##
##.##
#........##
#...#
..#####.##
##...#
#.....#.#
#....#
#.###.#.#
#....#


You could see Crazy Yiuf.

Vanquished Creatures
  2 adders (D:2)
  2 worms (D:2)
  3 dart slugs
  An orc (D:3)
  4 ball pythons
  2 endoplasms (D:1)
  2 giant cockroaches (D:3)
  A hobgoblin (D:1)
  4 jackals (D:3)
  4 kobolds
  4 quokkas
  4 bats
  A frilled lizard (D:2)
  4 goblins
  2 rats
40 creatures vanquished.

Notes
Turn   | Place    | Note
-------+----------+-------------------------------------------
     0 | D:1      | porpoise the Tengu Hunter began the quest for the Orb.
     0 | D:1      | Reached XP level 1. HP: 12/12 MP: 2/2
   328 | D:1      | Reached XP level 2. HP: 12/17 MP: 3/3
   839 | D:2      | Reached skill level 5 in Ranged Weapons
   909 | D:2      | Reached XP level 3. HP: 9/22 MP: 4/4
  1436 | D:2      | Reached XP level 4. HP: 27/27 MP: 5/5
  1657 | D:3      | Found a hazy altar of Hepliaklqana.
  1666 | D:3      | Became a worshipper of Hepliaklqana the Forgotten
  1838 | D:3      | Found a runed translucent door.
  1839 | D:3      | Noticed Crazy Yiuf
  1848 | D:3      | Slain by Crazy Yiuf

Illustrated notes

Levels and vault maps discovered:
D:1:      co_arrival_square_in_a_square_in_a_square, layout_basic
D:2:      wander_river, layout_basic
D:3:      minmay_roachtagon, layout_rooms, nicolae_ru_the_path_less_chosen,
          nicolae_overflow_crystal_walls, nicolae_overflow_hidden_temple,
          portal_sewer_entry_f, uniq_natasha, uniq_terence,
          uniq_crazy_yiuf_cottage

Skill      XL: |  1  2  3  4 |
---------------+-------------+-----
Ranged Weapons | 5 |  5.6
Fighting       | 3 |  3.0
Dodging        | |  2.1
Stealth        | |  1.0

Action                     |  1- 3 |  4- 6 || total
---------------------------+-------+-------++-------
   Fire: Shortbow          |    81 |    32 ||   113
    Use: Scroll            |       |     6 ||     6
 Armour: Leather armour    |     5 |     1 ||     6
  Dodge: Dodged            |    19 |    11 ||    30

Table legend: (Time is in decaauts)
 A = Elapsed time spent in this place.
 B = Non-inter-level travel time spent in this place.
 C = Inter-level travel time spent in this place.
 D = Time resting spent in this place.
 E = Time spent auto-exploring this place.
 F = Levels seen in this place.
 G = Mean time per level.
                   A        B        C        D        E       F      G
               +--------+--------+--------+--------+--------+-----+--------+
         Total |   1906 |   1838 |     68 |    123 |   1430 |   3 |  635.3 |
       Dungeon |   1906 |   1838 |     68 |    123 |   1430 |   3 |  635.3 |
               +--------+--------+--------+--------+--------+-----+--------+

Top non-repeatable levels by time:
     D:2: 874 daAuts
     D:1: 796 daAuts
     D:3: 235 daAuts
